 Dungeon Crawl Stone Soup version 0.22-a0-247-gbddf880 (webtiles) character file.

589894 mhoghedin the Brawler (level 26, -12/238 HPs)
             Began as a Ghoul Monk on Feb 23, 2018.
             Was a High Priest of Cheibriados.
             Killed by divine providence
             ... invoked by a greater mummy
              (14 damage)
             ... on level 3 of the Tomb of the Ancients.
             The game lasted 03:11:17 (57178 turns).

mhoghedin the Brawler (Ghoul Monk)                 Turns: 57178, Time: 03:11:18

Health: -12/238    AC: 25    Str: 42    XL:     26   Next: 96%
Magic:  31/31      EV: 35    Int: 27    God:    Cheibriados [*****.]
Gold:   2399       SH: 33    Dex: 37    Spells: 1/25 levels left

rFire    + + .     SeeInvis +     - Unarmed
rCold    + . .     Gourm    .   a - +7 large shield "Jiamp" {MR+ Int+3 Dex+2}
rNeg     + + +     Faith    +   Q - +2 plate armour of Erinoacs {rElec Int+4}
rPois    ∞         Spirit   .   m - +2 helmet "Iridatof" {+Blink rF+ MR+ Dex+4}
rElec    +         Reflect  .   s - +0 cloak {MR+}
rCorr    .         Harm     .   (no gloves)
MR       ++++.                  r - +0 pair of boots of Unambiguity {+Inv Dex+5 SInv}
Stlth    ..........             c - amulet of faith {Faith, !P}
HPRegen  0.00/turn              K - ring of Cizorauc {rF+ Str+4 Int+2}
MPRegen  0.22/turn              n - ring "Filif" {EV+6 Slay+2}

@: about to teleport, rotting, slowed, studying Dodging, very slow
A: rotting body, claws 1, carnivore, cold resistance 1, negative energy
resistance 3, inhibited regeneration, torment resistance, unbreathing
}: 4/15 runes: barnacled, slimy, silver, gossamer
a: Bend Time, Temporal Distortion, Slouch, Step From Time, Renounce Religion,
Evoke Blink, Evoke Invisibility


You were on level 3 of the Tomb of the Ancients.
You worshipped Cheibriados.
Cheibriados was extremely pleased with you.
You were not hungry.

You visited 11 branches of the dungeon, and saw 51 of its levels.
You also visited: Labyrinth, Sewer and Ice Cave.

You collected 8252 gold pieces.
You spent 5853 gold pieces at shops.

Inventory:

Hand Weapons
 b - the +3 sling "Punk" {acid, rCorr}
   (You took it off a skeletal warrior on level 5 of the Vaults)

   It protects you from acid and corrosion.
Missiles
 d - 15 silver javelins
 i - 33 steel javelins (quivered)
 k - 25 javelins of penetration
 l - 14 throwing nets {=f, !d}
 x - 235 sling bullets
Armour
 a - the +7 large shield "Jiamp" (worn) {MR+ Int+3 Dex+2}
   (You found it on level 1 of the Shoals)

   It affects your intelligence (+3).
   It affects your dexterity (+2).
   It affects your resistance to hostile enchantments.
 m - the +2 helmet "Iridatof" (worn) {+Blink rF+ MR+ Dex+4}
   (You found it on level 3 of the Dungeon)

   It affects your dexterity (+4).
   It protects you from fire.
   It affects your resistance to hostile enchantments.
   It lets you blink.
 r - the +0 pair of boots of Unambiguity (worn) {+Inv Dex+5 SInv}
   (You bought it in a shop on level 13 of the Dungeon)

   It affects your dexterity (+5).
   It lets you see invisible.
   It lets you turn invisible.
 s - a +0 cloak of magic resistance (worn)
   (You bought it in a shop on level 2 of the Vaults)
 Q - the +2 plate armour of Erinoacs (worn) {rElec Int+4}
   (You found it on level 3 of the Crypt)

   It affects your intelligence (+4).
   It insulates you from electricity.
Jewellery
 c - an amulet of faith (around neck) {Faith, !P}
   (You found it on level 3 of the Elven Halls)
 n - the ring "Filif" (right claw) {EV+6 Slay+2}
   (You took it off a deep elf knight on level 10 of the Dungeon)

   [ring of evasion]

   It affects your evasion (+6).
   It affects your accuracy and damage with ranged weapons and melee attacks
   (+2).
 t - the amulet of Rytwirr {rElec Regen+ Slay+3}
   (You found it on level 3 of the Crypt)

   [amulet of regeneration]

   It affects your accuracy and damage with ranged weapons and melee attacks
   (+3).
   It insulates you from electricity.
   It increases your rate of regeneration.
 F - an uncursed ring of flight {+Fly, !d}
   (You found it on level 5 of the Dungeon)
 J - a +6 ring of protection
   (You found it on level 9 of the Dungeon)
 K - the ring of Cizorauc (left claw) {rF+ Str+4 Int+2}
   (You found it on level 5 of the Vaults)

   [ring of protection from fire]

   It affects your strength (+4).
   It affects your intelligence (+2).
   It protects you from fire.
Wands
 q - a wand of iceblast (65)
   (You found it on level 5 of the Dungeon)
 v - a wand of scattershot (7)
   (You found it on level 9 of the Dungeon)
 B - a wand of digging (38)
   (You found it on level 1 of the Lair of Beasts)
 P - a wand of disintegration (32)
   (You found it on level 5 of the Pits of Slime)
 S - a wand of acid (44)
   (You found it on level 11 of the Dungeon)
Scrolls
 f - 13 scrolls of amnesia
 o - 9 scrolls of magic mapping {!r}
 u - 5 scrolls of blinking {!r}
 D - 13 scrolls of teleportation
 I - 9 scrolls of fog
 R - 5 scrolls of fear
 V - 5 scrolls of silence
 Z - 9 scrolls of remove curse
Potions
 g - 15 potions of brilliance
 h - 3 potions of heal wounds
 j - 25 potions of curing
 p - 8 potions of flight
 C - a potion of magic
 N - 4 potions of ambrosia
 U - a potion of cancellation
Books
 T - a manual of Dodging {!d}
   (You bought it in a shop on level 2 of the Vaults)
Miscellaneous
 z - a lamp of fire
   (You found it on level 3 of the Crypt)
 E - 4 boxes of beasts
 G - a crystal ball of energy
   (You found it on level 3 of the Elven Halls)
 H - a fan of gales
   (You found it on level 5 of the Vaults)
 M - a lightning rod (4/4)
   (You found it on level 3 of the Elven Halls)
 O - a phial of floods
   (You found it on level 3 of the Elven Halls)
Comestibles
 y - 60 rations


   Skills:
 - Level 19.6 Fighting
 - Level 3.3(8.5) Slings
   Level 8.3 Bows
 - Level 11.9(12.1) Throwing
 - Level 13.7 Armour
 - Level 18.7 Dodging
 - Level 3.5 Stealth
 - Level 14.0 Shields
 - Level 20.5 Unarmed Combat
 - Level 2.8 Hexes
 + Level 5.0 Summonings
 + Level 13.3 Translocations
 - Level 2.8 Air Magic
 - Level 12.2 Invocations
 - Level 11.9 Evocations


You had one spell level left.
You knew the following spells:

 Your Spells              Type           Power        Failure   Level  Hunger
a - Portal Projectile     Hex/Tloc       #####.       19%         3    ####...
b - Silence               Hex/Air        ###.......   100%        5    ######.
c - Dispersal             Tloc           ######....   75%         6    #######
d - Passage of Golubria   Tloc           N/A          8%          4    #####..
g - Apportation           Tloc           ######       1%          1    ##.....
q - Aura of Abjuration    Summ           ####......   99%         5    ######.


Dungeon Overview and Level Annotations

Branches:
Dungeon (15/15)            Temple (1/1) D:5            Lair (6/6) D:11
 Shoals (4/4) Lair:3       Spider (4/4) Lair:4        Slime (5/5) Lair:6
    Orc (2/2) D:12            Elf (3/3) Orc:2        Vaults (5/5) D:14
  Crypt (3/3) Vaults:2       Tomb (3/3) Crypt:3      Depths (0/5) D:15

Altars:
Ashenzari
Cheibriados
Dithmenos
Elyvilon
Fedhas
Gozag
Hepliaklqana
Kikubaaqudgha
Makhleb
Nemelex Xobeh
Okawaru
Qazlal
Ru
Sif Muna
Trog
Uskayaw
Vehumet
Wu Jian
Xom
Yredelemnul
Zin
The Shining One
Beogh
Jiyva

Shops:
D:9 (   D:13 [   Orc:2 =?:%   Elf:3 %   Shoals:4 (   Vaults:1 !
Vaults:2 (?[[:   Vaults:4 *

Annotations:
Lair:5 exclusion: 3 oklob plants


Innate Abilities, Weirdness & Mutations

Your body is rotting away.
You thrive on raw meat.
You are immune to poison.
You have sharp fingernails.
You are carnivorous and can eat meat at any time.
Your flesh is cold resistant. (rC+)
You are immune to negative energy. (rN+++)
You do not regenerate when monsters are visible.
You are immune to unholy pain and torment.
You can survive without breathing.


Message History

You block the greater mummy's attack.
The revenant conjures spectral mists around you.
The spectral mist engulfs you! You block the freezing wraith's attack.
The freezing wraith misses you. The vampire completely misses you. x2
You eviscerate the greater mummy!!!
You feel yourself speed up. You block the greater mummy's attack.
You block the revenant's attack. The freezing wraith hits you.
The freezing wraith freezes you! You resist.
You block the freezing wraith's attack. The vampire completely misses you. x2
You take 12 damage, and have 76/238 hp.
You eviscerate the greater mummy!!!
The greater mummy mumbles some strange words.
You block the revenant's attack. You block the freezing wraith's attack.
The freezing wraith barely misses you. You block the vampire's attack.
The vampire barely misses you.
The ancient champion completely misses you.
You mangle the greater mummy!!
You destroy the greater mummy!
Cheibriados appreciates the change of pace.
You feel extremely nervous for a moment...
You feel terrible.
The smoke demon disappears in a puff of smoke!
The vampire disappears in a puff of smoke!
The hungry ghost disappears in a puff of smoke!
The mummy disappears in a puff of smoke!
The eight-headed hydra simulacrum disappears in a puff of smoke!
The freezing wraith disappears in a puff of smoke!
The orange demon disappears in a puff of smoke!
Your Summonings skill increases to level 5!
The greater mummy casts a spell.
You block the death scarab's attack. You block the revenant's attack.
You are confused.
You feel invigorated. The death scarab bites you!
* * * LOW HITPOINT WARNING * * *
The death scarab drains your vigour!
You feel yourself slow down. The death scarab completely misses you.
The ancient champion misses you.
The greater mummy casts a spell.
The revenant barely misses you.
You take 8 damage, and have 68/238 hp.
You regained 3 mp, and now have 27/31 mp.
Unknown command.
The death scarab misses you.
The revenant hits you but does no damage.
The ancient champion misses you.
The guardian mummy completely misses you.
A greater mummy comes into view.
The greater mummy mumbles some strange words.
You regained 4 hp, and now have 72/238 hp.
MP restored: 31 The death scarab completely misses you.
The revenant conjures spectral mists around you.
The spectral mist engulfs you! The death scarab completely misses you.
The ancient champion completely misses you.
The revenant conjures spectral mists around you.
The spectral mist engulfs you!
You regained 7 hp, and now have 79/238 hp.
You eviscerate the guardian mummy!!!
You destroy the guardian mummy!
Cheibriados appreciates the change of pace.
You feel extremely nervous for a moment...
You hear strange and distant voices.
The death scarab completely misses you.
The death scarab waves its antennae.
The ancient champion completely misses you.
The revenant gestures violently at you.
You convulse!
* * * LOW HITPOINT WARNING * * *
You take 57 damage, and have 22/238 hp.
MASSIVE DAMAGE!!
Unknown command.
Unknown command.
You feel better.
You feel less invigorated.
The death scarab disappears in a puff of smoke!
The death scarab bites you!
* * * LOW HITPOINT WARNING * * *
You block the death scarab's attack.
The ancient champion mumbles some strange words.
The ancient champion seems to speed up.
You block the revenant's attack. The death scarab bites you!!
* * * LOW HITPOINT WARNING * * *
The death scarab drains your vigour!
You feel as though you will be slow longer.
You block the ancient champion's attack.
A mummy priest comes into view.
You take 20 damage, and have 2/238 hp.
As you read the scroll of teleportation, it crumbles to dust.
You feel strangely unstable. The death scarab closely misses you.
You block the death scarab's attack. You block the revenant's attack.
The ancient champion gestures at you while chanting.
You block the stone arrow.
The emperor scorpion is engulfed in spectral mist.
The emperor scorpion stings you but does no damage.
The emperor scorpion claws you but does no damage.
The emperor scorpion completely misses you.
The greater mummy mumbles some strange words.
The greater mummy casts a spell at you. Something smites you!
You die...

############
###...§s......
##...§ZsssM....
#.....L@zMs....
##....####MM.###
#....##


ss... #...## .... #...# ### #...# #.3.# #.^.# #...# You could see 2 greater
mummies, 5 emperor scorpions, a revenant, an ancient champion, a mummy priest, a
spectral seven-headed hydra, 2 death scarabs and a mummy.

Vanquished Creatures
  the Royal Jelly (Slime:5)
  Dissolution (Slime:2)
  2 ancient liches
  Boris (Vaults:3)
  4 greater mummies (Tomb:3)
  Frederick (Vaults:5)
  Bai Suzhen (Elf:3)
  Saint Roka (Crypt:3)
  Xtahua (Vaults:3)
  A golden dragon (Vaults:5)
  A bone dragon (D:15)
  Arachne (Spider:4)
  6 liches
  3 tentacled monstrosities (Vaults:5)
  4 titans (Vaults:5)
  3 large abominations (Vaults:5)
  An Ice Fiend (IceCv)
  2 deep elf master archers (Elf:3)
  3 deep elf blademasters (Elf:3)
  18 acid blobs
  4 ancient champions
  6 sphinxes
  A quicksilver dragon (Vaults:5)
  Kirke (Lair:5)
  Ilsuiw (Shoals:4)
  4 shadow dragons (Vaults:5)
  2 storm dragons (Vaults:5)
  5 tengu reavers
  12 azure jellies
  2 revenants
  3 emperor scorpions
  3 fire giants (Vaults:5)
  2 frost giants (Vaults:5)
  3 ghost moths (Spider:4)
  An orc warlord (Vaults:1)
  7 deep elf sorcerers
  3 curse skulls
  22 vault wardens
  Aizul (Spider:4)
  16 deep elf elementalists
  18 ironheart preservers
  3 very ugly things
  5 war gargoyles
  3 entropy weavers
  11 stone giants
  4 vampire knights
  4 bennus
  6 deep elf demonologists
  3 spark wasps
  13 deep elf annihilators
  A minotaur (Lab)
  3 eidola
  Snorg (Lair:4)
  6 ettins (Vaults:5)
  10 mummy priests
  8 death oozes
  10 merfolk impalers
  8 merfolk javelineers
  12 deep elf death magi
  2 fire dragons
  16 yaktaur captains
  7 deep elf high priests
  5 great orbs of eyes
  A quicksilver dragon skeleton (Crypt:3)
  7 ice dragons
  43 vault guards
  Harold (Lair:4)
  7 jiangshi
  3 merfolk avatars
  10 centaur warriors
  2 alligator snapping turtles (Shoals:4)
  4 merfolk aquamancers
  8 hydras
  A rakshasa (Vaults:1)
  5 death knights
  31 two-headed ogres
  36 dancing weapons
  2 satyrs (Shoals:3)
  A queen ant (Lair:3)
  3 deep troll shamans
  9 ogre magi
  A deep troll earth mage (Vaults:1)
  3 tengu warriors
  2 small abominations (Elf:3)
  2 titan zombies (Crypt:3)
  12 death yaks
  6 vampire magi
  18 death scarabs
  An orc high priest (Elf:3)
  The ghost of kuniqs the Covered, a novice DDFi of Makhleb (D:7)
  Sonja (D:13)
  2 soul eaters (Crypt:2)
  4 shadow wraiths
  30 deep elf knights
  A titan skeleton (Tomb:3)
  10 skeletal warriors
  3 fire crabs
  10 sea snakes
  13 flayed ghosts
  22 deep trolls
  2 unseen horrors
  14 phantasmal warriors
  An iron dragon zombie (Crypt:3)
  2 wolf spider zombies
  An unseen horror (shapeshifter) (Vaults:1)
  14 harpies
  24 deep elf archers
  A necromancer (Crypt:1)
  21 ironbrand convokers
  A lindwurm (shapeshifter) (Vaults:2)
  13 orc knights
  A wizard (Vaults:3)
  70 deep elf magi
  A mana viper (shapeshifter) (Vaults:5)
  32 ugly things
  A sphinx zombie (Crypt:1)
  8 fauns
  28 wolf spiders
  A frost giant zombie (Crypt:3)
  15 orb spiders
  12 manticores
  5 shining eyes
  3 moths of wrath
  4 orc sorcerers
  13 cyclopes
  A manticore (shapeshifter) (Vaults:5)
  74 slime creatures
  A shock serpent zombie (Tomb:2)
  A stone giant skeleton (Crypt:1)
  6 fire giant skeletons (Crypt:3)
  3 naga magi (Vaults:2)
  4 water nymphs
  9 elephants
  2 black mambas
  22 merfolk sirens
  An ice statue (IceCv)
  19 vault sentinels
  A black mamba (shapeshifter) (Vaults:4)
  2 torpor snails
  5 gargoyles
  14 centaur skeletons
  5 eyes of devastation
  8 spiny frogs
  3 kobold demonologists
  A rime drake (Lair:6)
  An emperor scorpion zombie (Crypt:3)
  A grey draconian zombie (Crypt:2)
  8 komodo dragons
  A yellow draconian zombie (Crypt:3)
  A redback zombie (D:15)
  11 demonic crawlers
  6 ice devils (IceCv)
  44 yaktaurs
  2 yaktaurs (shapeshifter) (Vaults:1)
  18 freezing wraiths
  5 anaconda simulacra (IceCv)
  A grey draconian skeleton (Crypt:2)
  24 guardian mummies
  18 trolls
  2 tengu conjurers
  A golden dragon simulacrum (IceCv)
  47 jumping spiders
  A sea snake skeleton (Crypt:2)
  13 hornets
  5 polar bears
  24 merfolk
  A troll (shapeshifter) (Vaults:2)
  2 wind drakes
  A tarantella zombie (Crypt:1)
  A death drake skeleton (Crypt:2)
  18 dream sheep
  An ettin zombie (Crypt:1)
  7 snapping turtles
  Prince Ribbit (D:7)
  A fire dragon zombie (Crypt:3)
  7 hippogriffs
  A meliai zombie (D:15)
  14 blink frogs
  6 flying skulls (Tomb:3)
  An air elemental (Elf:1)
  A black mamba zombie (Crypt:3)
  7 shadows
  2 dire elephant simulacra (IceCv)
  A frost giant simulacrum (Tomb:3)
  11 spriggans
  7 vampires
  7 ushabtiu
  A wyvern (D:11)
  8 water elementals
  41 tarantellas
  A wind drake zombie (Crypt:2)
  11 fire dragon skeletons
  16 wraiths
  Eustachio (D:6)
  2 fire bats (Shoals:2)
  66 redbacks
  A tarantella (shapeshifter) (Vaults:2)
  3 basilisks
  55 yaks
  6 fire elementals
  5 golden eyes
  2 hogs (Lair:5)
  5 hungry ghosts
  A steam dragon (D:11)
  A death yak simulacrum (IceCv)
  A yaktaur simulacrum (Vaults:1)
  Edmund (D:4)
  2 chaos spawn (D:11)
  20 soldier ants
  2 harpy simulacra (IceCv)
  4 iron troll simulacra (IceCv)
  4 vampire mosquitoes (D:13)
  A catoblepas simulacrum (Crypt:1)
  4 wargs
  5 acid dragons
  A soldier ant (shapeshifter) (D:10)
  An infernal demonspawn skeleton (Crypt:1)
  4 hydra simulacra (IceCv)
  8 water moccasins
  2 hell hounds (Lair:6)
  9 porcupines
  Duvessa (D:7)
  6 sky beasts
  2 phantoms
  36 orc warriors
  2 ettin simulacra
  2 hornet zombies (D:15)
  10 ice beasts
  4 black bears
  An alligator simulacrum (IceCv)
  A black bear (shapeshifter) (Vaults:5)
  24 wolves
  7 eyes of draining
  22 centaurs
  36 ogres
  8 boggarts
  A fire dragon simulacrum (Crypt:1)
  18 crocodiles
  A draconian zombie (Crypt:1)
  7 big kobolds
  2 earth elementals
  A wyvern zombie (D:15)
  16 bullfrogs
  A yaktaur skeleton (Crypt:1)
  5 wyvern skeletons
  Dowan (D:7)
  3 scorpions
  A spriggan zombie (Crypt:2)
  A troll zombie (Crypt:2)
  14 killer bees
  16 wights
  2 electric eels
  6 crimson imps
  A yak skeleton (Crypt:1)
  A bullfrog zombie (D:5)
  7 centaur zombies
  2 human simulacra
  A quasit (D:9)
  2 draconian simulacra (IceCv)
  6 hounds
  Crazy Yiuf (D:3)
  A bullfrog skeleton (D:8)
  21 orc priests
  2 jellies
  4 iguanas
  5 hell rats (Lair:4)
  28 orc wizards
  26 worker ants
  2 troll simulacra (IceCv)
  A felid zombie (Crypt:1)
  An ogre skeleton (Crypt:1)
  31 mummies
  A hound skeleton (D:7)
  2 howler monkey skeletons
  13 adders
  4 naga simulacra (IceCv)
  4 ogre simulacra (IceCv)
  2 river rats (D:3)
  7 shadow imps
  9 white imps (IceCv)
  6 ufetubi
  8 oozes (D:3)
  An adder zombie (D:7)
  2 adder skeletons (D:6)
  An iguana skeleton (Crypt:1)
  A worm (D:2)
  2 dart slugs
  6 leopard geckos
  110 orcs
  5 ball pythons
  5 giant cockroaches
  6 hobgoblins
  16 jackals
  44 kobolds
  5 quokkas
  14 bats
  7 frilled lizards
  6 goblins
  A kobold zombie (Crypt:3)
  A leopard gecko skeleton (D:4)
  A leopard gecko zombie (D:6)
  A quokka zombie (D:5)
  7 rats
  A butterfly (Lair:1)
  4 crawling corpses
  A fungus (Lair:5)
  2 plants
  A tentacle (Shoals:4)
  A withered plant (Crypt:3)
2436 creatures vanquished.

Vanquished Creatures (collateral kills)
  A two-headed ogre (D:15)
  3 ugly things (D:15)
  4 guardian mummies (Tomb:3)
  A jumping spider (Spider:4)
  3 flying skulls (Tomb:3)
  4 ushabtiu (Tomb:3)
  A soldier ant (Lair:4)
  4 worker ants (Lair:4)
  2 mummies (Tomb:3)
23 creatures vanquished.

Vanquished Creatures (others)
  A deep elf blademaster (Elf:3)
  A ghost moth (Spider:4)
  2 death scarabs (Tomb:3)
  An ogre mage (Vaults:2)
  A storm dragon skeleton (Tomb:2)
  A deep elf mage (Elf:2)
  A wolf spider zombie (Tomb:2)
  A green draconian zombie (Tomb:2)
  2 flying skulls (Tomb:3)
  A human (Lair:5)
  An ogre (Vaults:2)
  An earth elemental (Elf:1)
  6 mummies (Tomb:2)
  A giant cockroach (D:2)
  15 fungi
  15 plants
  5 tentacles (Shoals:4)
  8 toadstools (D:3)
64 creatures vanquished.

Grand Total: 2523 creatures vanquished

Notes
Turn   | Place    | Note
-------+----------+-------------------------------------------
     0 | D:1      | mhoghedin the Ghoul Monk began the quest for the Orb.
     0 | D:1      | Reached XP level 1. HP: 19/19 MP: 0/0
   291 | D:1      | Reached XP level 2. HP: 26/26 MP: 1/1
   500 | D:1      | Reached skill level 3 in Dodging
   804 | D:1      | Reached XP level 3. HP: 33/33 MP: 2/2
  1292 | D:2      | HP: 8/33 [worm (6)]
  1319 | D:3      | HP: 8/33 [river rat (9)]
  1322 | D:3      | Reached skill level 4 in Fighting
  1322 | D:3      | Reached skill level 4 in Unarmed Combat
  1404 | D:3      | Found a glowing drain.
  1412 | Sewer    | Entered a sewer
  1445 | Sewer    | Reached XP level 4. HP: 31/40 MP: 3/3
  1510 | Sewer    | Noticed a big kobold
  1546 | Sewer    | Killed a big kobold
  1546 | Sewer    | Reached XP level 5. HP: 14/47 MP: 4/4
  2042 | Sewer    | Noticed a big kobold
  2076 | Sewer    | Killed a big kobold
  2140 | D:3      | Reached skill level 4 in Dodging
  2151 | D:3      | Reached skill level 1 in Throwing
  2155 | D:3      | Reached XP level 6. HP: 25/53 MP: 5/5
  2227 | D:3      | Found a shattered altar of Ashenzari.
  2299 | D:3      | Found a faded altar of an unknown god.
  2371 | D:3      | Found a runed door.
  2656 | D:3      | HP: 13/55 [acid (11)]
  2674 | D:3      | HP: 11/55 [jelly (2)]
  2674 | D:3      | HP: 1/55 [acid (10)]
  3446 | D:3      | Got a crude helmet
  3452 | D:3      | Identified the +2 helmet "Iridatof" {+Blink rF+ MR+ Dex+4} (You found it on level 3 of the Dungeon)
  3489 | D:3      | Reached skill level 5 in Fighting
  3489 | D:3      | Reached skill level 5 in Unarmed Combat
  3646 | D:3      | Noticed Crazy Yiuf
  3655 | D:3      | Killed Crazy Yiuf
  3806 | D:4      | Reached XP level 7. HP: 53/61 MP: 6/6
  4091 | D:4      | Found a radiant altar of Vehumet.
  4396 | D:4      | Noticed Edmund
  4413 | D:4      | Killed Edmund
  4413 | D:4      | Reached skill level 6 in Fighting
  4413 | D:4      | Reached skill level 5 in Dodging
  4413 | D:4      | Reached skill level 6 in Unarmed Combat
  4759 | D:5      | Entered Level 5 of the Dungeon
  4795 | D:5      | Reached XP level 8. HP: 71/71 MP: 7/7
  4876 | D:5      | Found a staircase to the Ecumenical Temple.
  4949 | Temple   | Entered the Ecumenical Temple
  5180 | Temple   | Became a worshipper of Cheibriados the Contemplative
  5180 | Temple   | Reached * piety under Cheibriados
  5180 | Temple   | Reached ** piety under Cheibriados
  5669 | D:5      | Found an opulent altar of Gozag.
  5947 | D:6      | Found a glowing golden altar of the Shining One.
  6074 | D:6      | Noticed Eustachio
  6090 | D:6      | Killed Eustachio
  6090 | D:6      | Reached skill level 7 in Fighting
  6090 | D:6      | Reached skill level 7 in Unarmed Combat
  6153 | D:6      | Reached skill level 6 in Dodging
  6329 | D:6      | Reached XP level 9. HP: 74/79 MP: 8/8
  6390 | D:6      | Reached *** piety under Cheibriados
  6672 | D:7      | Reached skill level 1 in Invocations
  6680 | D:7      | Found a hazy altar of Hepliaklqana.
  6706 | D:7      | Noticed kuniqs's ghost (novice DDFi)
  6716 | D:7      | Killed kuniqs's ghost
  6716 | D:7      | Reached skill level 8 in Fighting
  6716 | D:7      | Reached skill level 8 in Unarmed Combat
  6716 | D:7      | Reached skill level 2 in Invocations
  6947 | D:7      | Reached skill level 7 in Dodging
  6947 | D:7      | Reached skill level 3 in Invocations
  7039 | D:7      | Found an ancient bone altar of Kikubaaqudgha.
  7066 | D:7      | Noticed Prince Ribbit
  7070 | D:7      | Killed Prince Ribbit
  7271 | D:7      | Noticed Duvessa
  7271 | D:7      | Noticed Dowan
  7283 | D:7      | Killed Duvessa
  7286 | D:7      | Killed Dowan
  7469 | D:8      | Reached skill level 4 in Invocations
  7537 | D:8      | Reached XP level 10. HP: 89/89 MP: 12/12
  7540 | D:8      | Reached skill level 9 in Fighting
  7540 | D:8      | Reached skill level 9 in Unarmed Combat
  7541 | D:8      | Reached **** piety under Cheibriados
  7921 | D:8      | Found a sacrificial altar of Ru.
  7948 | D:8      | Reached skill level 5 in Invocations
  8493 | D:2      | Found a stormy altar of Qazlal.
  8903 | D:2      | Found a white marble altar of Elyvilon.
  9116 | D:9      | Reached skill level 1 in Bows
  9295 | D:9      | Found Namiryq's Weapon Boutique.
  9335 | D:9      | Reached skill level 2 in Bows
  9341 | D:9      | Reached ***** piety under Cheibriados
  9400 | D:9      | Reached skill level 3 in Bows
  9518 | D:9      | Reached skill level 4 in Bows
  9826 | D:10     | Entered Level 10 of the Dungeon
  9834 | D:10     | Identified 2 scrolls of acquirement
  9903 | D:10     | Reached skill level 5 in Bows
  9910 | D:10     | Reached skill level 6 in Bows
  9915 | D:10     | Reached XP level 11. HP: 60/94 MP: 2/13
  9918 | D:10     | Reached skill level 7 in Bows
  9919 | D:10     | HP: 23/94 [wolf spider zombie (9)]
  9924 | D:10     | HP: 14/94 [wolf spider zombie (5)]
 10480 | D:10     | Noticed a two-headed ogre
 10493 | D:10     | Killed a two-headed ogre
 10493 | D:10     | Reached skill level 8 in Dodging
 10733 | D:10     | Noticed a stone giant
 10735 | D:10     | Noticed a deep elf knight
 11025 | D:10     | Killed a stone giant
 11154 | D:10     | Noticed a fire crab
 11162 | D:10     | Killed a fire crab
 11162 | D:10     | Reached skill level 6 in Invocations
 11182 | D:10     | Killed a deep elf knight
 11182 | D:10     | Reached skill level 10 in Fighting
 11182 | D:10     | Reached skill level 10 in Unarmed Combat
 11184 | D:10     | Got a shimmering jade ring
 11186 | D:10     | Identified the ring "Filif" {EV+6 Slay+2} (You took it off a deep elf knight on level 10 of the Dungeon)
 11203 | D:10     | Got an ancient amber ring
 11209 | D:10     | Identified the ring "Vosioga" {Str+4 Int+3} (You found it on level 10 of the Dungeon)
 11289 | D:10     | Noticed a stone giant
 11310 | D:10     | Killed a stone giant
 11571 | D:11     | Reached XP level 12. HP: 89/105 MP: 15/15
 11576 | D:11     | Reached skill level 9 in Dodging
 11597 | D:11     | Found the +12 mace of Variability {chaos}
 11598 | D:11     | Found a shimmering altar of Xom.
 11929 | D:11     | Reached skill level 11 in Unarmed Combat
 11948 | D:11     | Reached skill level 11 in Fighting
 11985 | D:11     | Found a staircase to the Lair.
 12287 | D:11     | Noticed a two-headed ogre
 12295 | D:11     | Killed a two-headed ogre
 12555 | Lair:1   | Entered Level 1 of the Lair of Beasts
 12682 | Lair:1   | Noticed a five-headed hydra
 12688 | Lair:1   | Killed a five-headed hydra
 12842 | Lair:1   | Noticed an eight-headed hydra
 12848 | Lair:1   | Killed an eight-headed hydra
 12851 | Lair:1   | Reached skill level 10 in Dodging
 14071 | Lair:3   | Reached skill level 12 in Unarmed Combat
 14084 | Lair:3   | Reached skill level 12 in Fighting
 14089 | Lair:3   | Reached XP level 13. HP: 115/115 MP: 16/16
 14093 | Lair:3   | Reached skill level 8 in Bows
 14116 | Lair:3   | Found a staircase to the Shoals.
 14399 | Lair:3   | Reached ****** piety under Cheibriados
 15262 | Lair:4   | Noticed an entropy weaver
 15265 | Lair:4   | Noticed an entropy weaver
 15265 | Lair:4   | Noticed Snorg
 15597 | Lair:4   | Noticed Harold
 15607 | Lair:4   | Killed Harold
 15650 | Lair:4   | Reached skill level 11 in Dodging
 15716 | Lair:4   | Found a hole to the Spider Nest.
 15799 | Lair:4   | Reached skill level 7 in Invocations
 15908 | Lair:4   | Killed Snorg
 15908 | Lair:4   | Reached skill level 13 in Fighting
 15908 | Lair:4   | Reached skill level 13 in Unarmed Combat
 16004 | Lair:4   | Killed an entropy weaver
 16578 | Lair:5   | Reached XP level 14. HP: 99/128 MP: 18/18
 16703 | Lair:5   | Found a labyrinth entrance.
 16708 | Lair:5   | Reached skill level 8 in Invocations
 16772 | Lab      | Entered a labyrinth
 17807 | Lab      | Identified the Collected Works on Creative Black Secrets
 18006 | Lair:5   | Noticed Kirke
 18021 | Lair:5   | Killed Kirke
 18729 | Lair:6   | Entered Level 6 of the Lair of Beasts
 18818 | Lair:6   | Reached skill level 9 in Invocations
 18823 | Lair:6   | HP: 19/130 [death yak (20)]
 19008 | Lair:6   | Reached skill level 12 in Dodging
 19076 | Lair:6   | Reached skill level 14 in Unarmed Combat
 19090 | Lair:6   | Reached skill level 14 in Fighting
 19455 | Lair:6   | Found a staircase to the Slime Pits.
 19455 | Lair:6   | Found a viscous altar of Jiyva.
 19671 | Lair:6   | Reached XP level 15. HP: 136/138 MP: 21/21
 19689 | Lair:6   | Reached skill level 10 in Invocations
 19837 | Lair:6   | Learned a level 8 spell: Controlled Blink
 20058 | Lair:6   | Reached skill level 1 in Translocations
 20312 | Spider:1 | Entered Level 1 of the Spider Nest
 20322 | Spider:1 | Reached skill level 2 in Translocations
 20361 | Spider:1 | Reached skill level 3 in Translocations
 20373 | Spider:1 | Learned a level 3 spell: Portal Projectile
 20457 | Spider:1 | Reached skill level 4 in Translocations
 20620 | Spider:1 | Reached skill level 5 in Translocations
 21188 | Spider:2 | Reached skill level 6 in Translocations
 21790 | Spider:2 | Reached skill level 7 in Translocations
 21795 | Spider:2 | Reached skill level 15 in Unarmed Combat
 22597 | Spider:3 | Reached skill level 8 in Translocations
 22613 | Spider:3 | Reached XP level 16. HP: 104/146 MP: 22/22
 22782 | Spider:3 | Found a frozen archway.
 22788 | IceCv    | Entered an ice cave
 23300 | IceCv    | Reached skill level 16 in Unarmed Combat
 23674 | IceCv    | Noticed an Ice Fiend
 23773 | IceCv    | Killed an Ice Fiend
 24559 | Spider:4 | Entered Level 4 of the Spider Nest
 24633 | Spider:4 | Learned a level 5 spell: Silence
 24651 | Spider:4 | Learned a level 6 spell: Dispersal
 24700 | Spider:4 | Reached skill level 9 in Translocations
 24705 | Spider:4 | Noticed Aizul
 24724 | Spider:4 | Killed Aizul
 24758 | Spider:4 | Reached skill level 1 in Hexes
 24758 | Spider:4 | Reached skill level 1 in Air Magic
 25059 | Spider:4 | Reached skill level 2 in Hexes
 25059 | Spider:4 | Reached skill level 2 in Air Magic
 25367 | Spider:4 | Noticed Arachne
 25404 | Spider:4 | Killed Arachne
 25413 | Spider:4 | HP: 25/145 [emperor scorpion (25)]
 26045 | D:12     | Found a hazy altar of Hepliaklqana.
 26130 | D:12     | Found a staircase to the Orcish Mines.
 26146 | Orc:1    | Entered Level 1 of the Orcish Mines
 26348 | Orc:2    | Entered Level 2 of the Orcish Mines
 26348 | Orc:2    | Found a staircase to the Elven Halls.
 26610 | Orc:2    | Found a roughly hewn altar of Beogh.
 26786 | Orc:2    | Reached skill level 1 in Evocations
 26786 | Orc:2    | Reached XP level 17. HP: 154/154 MP: 23/23
 26790 | Orc:2    | Reached skill level 3 in Stealth
 26835 | Orc:2    | Reached skill level 11 in Invocations
 26886 | Orc:2    | Found Byzosha Qant's Magic Scroll Emporium.
 26889 | Orc:2    | Found Raqinn's Food Emporium.
 26893 | Orc:2    | Found Qucux's Jewellery Shop.
 26904 | Orc:2    | Found Wanlu's Book Shoppe.
 26920 | Orc:2    | Reached skill level 15 in Fighting
 27213 | Orc:2    | Found a roughly hewn altar of Beogh.
 27402 | Elf:1    | Entered Level 1 of the Elven Halls
 27451 | Elf:1    | Reached skill level 13 in Dodging
 27454 | Elf:1    | Noticed a Tzitzimitl
 27458 | Elf:1    | Noticed a Tzitzimitl
 28029 | D:12     | Found a roughly hewn altar of Beogh.
 28050 | D:12     | Reached skill level 1 in Shields
 28520 | D:13     | Reached skill level 2 in Shields
 28684 | D:13     | Found Atuuv's Armour Boutique.
 28696 | D:13     | Bought the +0 pair of boots of Unambiguity {+Inv Dex+5 SInv} for 431 gold pieces
 28707 | D:13     | Bought a +2 plate armour of cold resistance for 520 gold pieces
 28957 | D:13     | Reached skill level 1 in Armour
 28957 | D:13     | Reached skill level 3 in Shields
 29156 | D:13     | Noticed Sonja
 29161 | D:13     | Killed Sonja
 29191 | D:13     | Reached skill level 2 in Armour
 29537 | D:14     | Reached skill level 4 in Shields
 29553 | D:14     | Reached skill level 3 in Armour
 30077 | D:14     | Reached skill level 4 in Armour
 30077 | D:14     | Reached skill level 5 in Shields
 30158 | D:14     | Found a gate to the Vaults.
 30249 | D:14     | Reached XP level 18. HP: 163/163 MP: 25/25
 30637 | D:15     | Entered Level 15 of the Dungeon
 30690 | D:15     | Reached skill level 5 in Armour
 30701 | D:15     | Reached skill level 6 in Shields
 30888 | D:15     | Found a staircase to the Depths.
 30978 | D:15     | Reached skill level 6 in Armour
 31123 | D:15     | Reached skill level 2 in Evocations
 31124 | D:15     | Found a basalt altar of Yredelemnul.
 31241 | D:15     | Reached skill level 7 in Shields
 31308 | D:15     | Found the +9 sword of Zonguldrok {reap}
 31309 | D:15     | Noticed a bone dragon
 31323 | D:15     | Killed a bone dragon
 31323 | D:15     | Reached skill level 3 in Evocations
 32312 | D:9      | Bought 7 tomahawks of returning for 84 gold pieces
 32905 | Spider:4 | Reached skill level 2 in Throwing
 33094 | Spider:4 | Reached skill level 7 in Armour
 33189 | Spider:4 | Reached skill level 4 in Evocations
 33290 | Spider:4 | Reached skill level 3 in Throwing
 33358 | Spider:4 | Got a gossamer rune of Zot
 33610 | Shoals:1 | Entered Level 1 of the Shoals
 33623 | Shoals:1 | Reached skill level 8 in Shields
 33833 | Shoals:1 | Got a transparent large shield
 33868 | Shoals:1 | Identified the +7 large shield "Jiamp" {MR+ Int+3 Dex+2} (You found it on level 1 of the Shoals)
 34219 | Shoals:2 | Reached skill level 5 in Evocations
 34358 | Shoals:2 | Reached skill level 4 in Throwing
 34358 | Shoals:2 | Reached XP level 19. HP: 158/170 MP: 16/26
 34964 | Shoals:3 | Reached skill level 8 in Armour
 35020 | Shoals:3 | Reached skill level 17 in Unarmed Combat
 35363 | Shoals:4 | Entered Level 4 of the Shoals
 35466 | Shoals:4 | Got a bloodstained dagger
 35467 | Shoals:4 | Identified the +2 dagger of Certain Death {venom, *Drain rElec rPois rC++} (You found it on level 4 of the Shoals)
 35538 | Shoals:4 | Noticed Ilsuiw
 35559 | Shoals:4 | Killed Ilsuiw
 35964 | Shoals:4 | Reached skill level 5 in Throwing
 35964 | Shoals:4 | Reached skill level 6 in Evocations
 35972 | Shoals:4 | Found Yloheuf's Weapon Shoppe.
 36317 | Shoals:4 | Reached skill level 9 in Shields
 36353 | Shoals:4 | Got a barnacled rune of Zot
 36597 | Shoals:4 | Got a crude robe
 37089 | Elf:1    | Found an ancient bone altar of Kikubaaqudgha.
 37155 | Elf:1    | Reached skill level 16 in Fighting
 37422 | Elf:1    | Found a deep blue altar of Sif Muna.
 37613 | Elf:1    | Reached XP level 20. HP: 179/179 MP: 27/27
 38004 | Elf:2    | Reached skill level 6 in Throwing
 38104 | Elf:2    | Reached skill level 9 in Armour
 38409 | Elf:2    | Reached skill level 7 in Evocations
 38417 | Elf:2    | Found a runed gate.
 38418 | Elf:2    | Found a runed gate.
 38419 | Elf:2    | Found a runed gate.
 38461 | Elf:2    | Reached skill level 14 in Dodging
 38838 | Elf:3    | Entered Level 3 of the Elven Halls
 39054 | Elf:3    | Reached skill level 10 in Shields
 39057 | Elf:3    | Reached skill level 7 in Throwing
 39083 | Elf:3    | Reached XP level 21. HP: 78/189 MP: 18/28
 39095 | Elf:3    | Reached skill level 8 in Evocations
 39108 | Elf:3    | HP: 38/189 [deep elf master archer/arrow (17)]
 39109 | Elf:3    | HP: 14/189 [deep elf master archer/arrow (23)]
 39504 | Elf:3    | Noticed Bai Suzhen
 39529 | Elf:3    | Killed Bai Suzhen
 39636 | Elf:3    | Found Xoxt's Food Shoppe.
 39780 | Elf:3    | Reached skill level 10 in Armour
 39910 | Elf:3    | Reached skill level 18 in Unarmed Combat
 40302 | Elf:3    | Got a clouded glass ring
 40303 | Elf:3    | Identified the ring of the Exiled Nights {rPois rF+ rN++ Slay-6} (You found it on level 3 of the Elven Halls)
 40305 | Elf:3    | Identified the Handbook of Changing
 40322 | Elf:3    | Got a jewelled short sword
 40323 | Elf:3    | Identified the +9 short sword of Ligaske {pierce, Str+4 Dex+3} (You found it on level 3 of the Elven Halls)
 40348 | Elf:3    | Got a dazzling plate armour
 40359 | Elf:3    | Identified the +0 plate armour of Abstinence {Regen+ rCorr Int-4 Dex+2} (You found it on level 3 of the Elven Halls)
 40414 | Elf:3    | Got a polished chain mail
 40441 | Elf:3    | Identified the +8 chain mail of the Turtledove {rC+++ Str+5 Dex-5} (You found it on level 3 of the Elven Halls)
 40462 | Elf:3    | Got a crude shortbow
 40472 | Elf:3    | Got a warped halberd
 40495 | Elf:3    | Got a twisted robe
 40509 | Elf:3    | Got a twisted halberd
 40968 | Vaults:1 | Entered Level 1 of the Vaults
 41111 | Vaults:1 | Reached skill level 8 in Throwing
 41163 | Vaults:1 | Reached skill level 17 in Fighting
 41618 | Vaults:1 | Reached skill level 9 in Evocations
 41828 | Vaults:1 | Reached skill level 11 in Shields
 41828 | Vaults:1 | Reached XP level 22. HP: 190/200 MP: 29/29
 42025 | Vaults:1 | Found a snail-covered altar of Cheibriados.
 42117 | Vaults:1 | Found Qeakk's Distillery.
 42124 | Vaults:1 | Bought a potion of curing for 54 gold pieces
 42124 | Vaults:1 | Bought a potion of agility for 72 gold pieces
 42124 | Vaults:1 | Bought a potion of curing for 54 gold pieces
 42124 | Vaults:1 | Bought 2 potions of heal wounds for 180 gold pieces
 42124 | Vaults:1 | Bought a potion of flight for 54 gold pieces
 42124 | Vaults:1 | Bought a potion of brilliance for 72 gold pieces
 42124 | Vaults:1 | Bought a potion of brilliance for 72 gold pieces
 42124 | Vaults:1 | Bought a potion of invisibility for 144 gold pieces
 42374 | Vaults:2 | Found Dueh's Weapon Emporium.
 42419 | Vaults:2 | Found Qeusm's Magic Scroll Shoppe.
 42424 | Vaults:2 | Bought a scroll of remove curse for 36 gold pieces
 42424 | Vaults:2 | Bought a scroll of remove curse for 36 gold pieces
 42424 | Vaults:2 | Bought a scroll of identify for 24 gold pieces
 42424 | Vaults:2 | Bought a scroll of teleportation for 36 gold pieces
 42424 | Vaults:2 | Bought a scroll of remove curse for 36 gold pieces
 42424 | Vaults:2 | Bought a scroll of fear for 42 gold pieces
 42433 | Vaults:2 | Found a staircase to the Crypt.
 42433 | Vaults:2 | Found an ancient bone altar of Kikubaaqudgha.
 42434 | Vaults:2 | Found a basalt altar of Yredelemnul.
 42492 | Vaults:2 | Reached skill level 12 in Invocations
 42615 | Vaults:2 | Found Wecorelu's Book Shoppe.
 42618 | Vaults:2 | Bought a manual of Dodging for 1766 gold pieces
 42648 | Vaults:2 | Reached skill level 15 in Dodging
 42677 | Vaults:2 | Found Qiaroso's Antique Armour Boutique.
 43069 | Vaults:2 | Found Pyseug's Armour Shoppe.
 43075 | Vaults:2 | Bought a +0 cloak of magic resistance for 241 gold pieces
 43347 | Vaults:2 | Reached skill level 9 in Throwing
 43357 | Vaults:2 | Reached skill level 11 in Armour
 43534 | Vaults:2 | Got a pitted helmet
 43566 | Vaults:2 | Identified the +4 helmet "Muwemm" {MR- Regen+ Slay+6} (You found it on level 2 of the Vaults)
 43591 | Vaults:2 | Got a fine robe
 43607 | Vaults:2 | Found a radiant altar of Vehumet.
 43674 | Vaults:2 | Got a shadowed robe
 43726 | Vaults:2 | Got a faintly humming robe
 44152 | Vaults:3 | Noticed Xtahua
 44161 | Vaults:3 | Killed Xtahua
 44256 | Vaults:3 | Noticed Boris
 44277 | Vaults:3 | Killed Boris
 44300 | Vaults:3 | Reached XP level 23. HP: 197/206 MP: 31/31
 44310 | Vaults:3 | Reached skill level 10 in Evocations
 44625 | Vaults:3 | Found a shimmering altar of Xom.
 44637 | Vaults:3 | Got a pair of heavily runed gloves
 44643 | Vaults:3 | Identified the +0 pair of gloves of Prudence {rF+} (You found it on level 3 of the Vaults)
 45417 | Vaults:4 | Found Hiodynk's Assorted Antiques.
 45425 | Vaults:4 | Reached skill level 19 in Unarmed Combat
 45739 | Vaults:4 | Reached skill level 16 in Dodging
 45750 | Vaults:4 | Reached skill level 12 in Shields
 46243 | Vaults:4 | Reached skill level 18 in Fighting
 46427 | Vaults:2 | Bought a twisted plate armour for 812 gold pieces
 46427 | Vaults:2 | Identified the +1 plate armour "Ajinogoff" {rC+ Slay+2} (You bought it in a shop on level 2 of the Vaults)
 46566 | Vaults:5 | Entered Level 5 of the Vaults
 46571 | Vaults:5 | Reached skill level 10 in Throwing
 46670 | Vaults:5 | Reached skill level 12 in Armour
 46682 | Vaults:5 | Noticed a golden dragon
 46699 | Vaults:5 | Killed a golden dragon
 46699 | Vaults:5 | Reached XP level 24. HP: 96/216 MP: 15/31
 46781 | Vaults:5 | Reached skill level 11 in Evocations
 46792 | Vaults:5 | Noticed an ancient lich
 46801 | Vaults:5 | Killed an ancient lich
 46859 | Vaults:5 | Reached skill level 17 in Dodging
 46887 | Vaults:5 | Got a colourful robe
 47051 | Vaults:5 | Reached skill level 11 in Throwing
 47095 | Vaults:5 | Found the +0 Maxwell's etheric cage {RegenMP+ *Contam rElec MP+4}
 47103 | Vaults:5 | Got an iridescent mace {venom}
 47288 | Vaults:5 | Got a translucent gossamer ring
 47294 | Vaults:5 | Identified the ring "Syhu" {+Fly rPois Dex+3 SInv Stlth-} (You took it off a vault warden on level 5 of the Vaults)
 47403 | Vaults:5 | Reached skill level 13 in Shields
 47482 | Vaults:5 | Got a pitted scale mail
 47718 | Vaults:5 | Got a wizard robe
 47724 | Vaults:5 | Got a silver rune of Zot
 48174 | Vaults:5 | Got a slimy ivory ring
 48217 | Vaults:5 | Noticed Frederick
 48228 | Vaults:5 | Killed Frederick
 48228 | Vaults:5 | Reached XP level 25. HP: 226/226 MP: 31/31
 49864 | Slime:1  | Entered Level 1 of the Pits of Slime
 49977 | Slime:2  | Noticed Dissolution
 49981 | Slime:2  | Killed Dissolution
 50305 | Slime:4  | Reached skill level 19 in Fighting
 50388 | Slime:5  | Entered Level 5 of the Pits of Slime
 50412 | Slime:5  | Reached skill level 13 in Armour
 50412 | Slime:5  | Reached skill level 20 in Unarmed Combat
 50600 | Slime:5  | Noticed the Royal Jelly
 50604 | Slime:5  | Killed the Royal Jelly
 50889 | Slime:5  | Reached skill level 18 in Dodging
 50959 | Slime:5  | Found the +8 demon blade "Leech" {vamp, rN+ AC-3 EV-3}
 50963 | Slime:5  | Got a slimy rune of Zot
 51069 | Slime:5  | Got a bloodstained quarterstaff
 51079 | Slime:5  | Got a faintly glowing graven amulet
 51091 | Slime:5  | Identified the ring of Cizorauc {rF+ Str+4 Int+2} (You found it on level 5 of the Vaults)
 51122 | Slime:5  | Got a pitted broad axe
 51168 | Slime:5  | Identified the amulet of the Spinneret {Regen+ Dex+4} (You found it on level 5 of the Pits of Slime)
 51169 | Slime:5  | Identified the ring "Kapusy" {MR+ Int+2 SInv} (You found it on level 5 of the Pits of Slime)
 52082 | Vaults:2 | Bought a translucent plate armour for 812 gold pieces
 52082 | Vaults:2 | Bought a pair of encrusted gloves for 275 gold pieces
 52092 | Vaults:2 | Identified the cursed +0 plate armour of Purpose {rElec} (You bought it in a shop on level 2 of the Vaults)
 52098 | Vaults:2 | Identified the +0 pair of gloves of Infinity {Regen+ Str+2} (You bought it in a shop on level 2 of the Vaults)
 52162 | Crypt:1  | Entered Level 1 of the Crypt
 53007 | Crypt:2  | Reached skill level 1 in Slings
 53622 | Crypt:3  | Entered Level 3 of the Crypt
 53622 | Crypt:3  | Noticed Saint Roka
 53635 | Crypt:3  | Killed Saint Roka
 53635 | Crypt:3  | Reached skill level 2 in Slings
 53933 | Crypt:3  | Reached XP level 26. HP: 236/236 MP: 31/31
 54029 | Crypt:3  | Got a scintillating graven amulet
 54029 | Crypt:3  | Got a clouded copper ring
 54436 | Crypt:3  | Found an ancient bone altar of Kikubaaqudgha.
 54445 | Crypt:3  | Reached skill level 3 in Slings
 54456 | Crypt:3  | Reached skill level 14 in Shields
 54504 | Crypt:3  | Noticed an ancient lich
 54518 | Crypt:3  | Killed an ancient lich
 54524 | Crypt:3  | Identified the Tome of Translocation and the Mountains
 54546 | Crypt:3  | Learned a level 1 spell: Apportation
 54551 | Crypt:3  | Learned a level 4 spell: Passage of Golubria
 54788 | Crypt:3  | Reached skill level 10 in Translocations
 55018 | Crypt:3  | Got a fine plate armour
 55034 | Crypt:3  | Identified the +2 plate armour of Erinoacs {rElec Int+4} (You found it on level 3 of the Crypt)
 55050 | Crypt:3  | Found a staircase to the Tomb.
 55180 | Tomb:1   | Entered Level 1 of the Tomb of the Ancients
 55314 | Tomb:1   | Reached skill level 11 in Translocations
 55490 | Tomb:1   | Got a spiked leather armour
 55534 | Tomb:1   | Identified the Incunabulum of the Dislocated Mountains
 55609 | Tomb:1   | Reached skill level 12 in Translocations
 55798 | Tomb:1   | Identified the amulet of Rytwirr {rElec Regen+ Slay+3} (You found it on level 3 of the Crypt)
 55834 | Tomb:1   | Identified the ring of Boimoet {rN+ Str-4 Int+7} (You found it on level 3 of the Crypt)
 56071 | Tomb:2   | Noticed a greater mummy
 56073 | Tomb:2   | Noticed a greater mummy
 56073 | Tomb:2   | Noticed a greater mummy
 56074 | Tomb:2   | Noticed a greater mummy
 56140 | Tomb:2   | HP: 42/236 [ushabti/dispel undead (19)]
 56149 | Tomb:2   | HP: 56/237 [flayed ghost[a mummy priest] (9)]
 56157 | Tomb:2   | Learned a level 5 spell: Aura of Abjuration
 56577 | Tomb:3   | Entered Level 3 of the Tomb of the Ancients
 56582 | Tomb:3   | Reached skill level 1 in Summonings
 56586 | Tomb:3   | Noticed a greater mummy
 56598 | Tomb:3   | Reached skill level 2 in Summonings
 56601 | Tomb:3   | Noticed a greater mummy
 56607 | Tomb:3   | Noticed a greater mummy
 56625 | Tomb:3   | Noticed a greater mummy
 56626 | Tomb:3   | HP: 38/238 [ushabti/dispel undead (24)]
 57090 | Tomb:3   | Reached skill level 3 in Summonings
 57103 | Tomb:3   | Killed a greater mummy
 57110 | Tomb:3   | Killed a greater mummy
 57110 | Tomb:3   | Reached skill level 4 in Summonings
 57110 | Tomb:3   | Reached skill level 13 in Translocations
 57143 | Tomb:3   | Killed a greater mummy
 57169 | Tomb:3   | Noticed a greater mummy
 57172 | Tomb:3   | Killed a greater mummy
 57172 | Tomb:3   | Reached skill level 5 in Summonings
 57175 | Tomb:3   | Noticed a greater mummy
 57176 | Tomb:3   | HP: 22/238 [revenant/dispel undead (63)]
 57177 | Tomb:3   | HP: 2/238 [death scarab[a greater mummy] (20)]
 57178 | Tomb:3   | Killed from afar by a greater mummy

Vault maps used:
D:1:      denvon_arrival_waterhouse, moated_statue,
          hangedman_abyss_or_decor_stabs
D:2:      elyvilon_altar_3, grunt_qazlal_clouds, first_ration
D:3:      cheibrodos_fertilizer, cheibrodos_ashenzari_chains,
          chequers_ecumenical_altar_island, portal_sewer_entry_b,
          minmay_misc_feat_five, grunt_ministairs_15, minmay_liquid_box,
          uniq_crazy_yiuf_cottage
D:4:      kennysheep_mini, hangedman_decor_slide_cut, uniq_edmund
D:5:      nicolae_gozag_cash_rules_everything_around_me,
          minmay_temple_entry_nine_rooms
D:6:      basic_altar, uniq_eustachio
D:7:      nicolae_overflow_crystal_walls, kiku_gazebo_pond_becter, uniq_duvessa,
          uniq_prince_ribbit1
D:8:      the_bakery, nicolae_ru_the_path_less_chosen
D:9:      serial_shops, nicolae_shop_trees, minivault_26, billiards_dpeg
D:10:     minmay_sliced_demisemicircle
D:11:     erik_lair_dragon, minmay_guarded_unrand_variability
D:12:     minmay_orc_entry_temple_small, basic_altar
D:13:     serial_shops, nicolae_shop_waterfront, uniq_sonja
D:14:     hangedman_vaults_entry_quadrant_bands, kennysheep_small_circle
D:15:     grunt_enter_depths_snipers, yredelemnul_altar_generic,
          minmay_guarded_unrand_zonguldrok
Temple:   regret_index_temple_waves
Lair:1:   beast_lair_carwin_11, lemuel_fruit_fields
Lair:3:   elwin_shoals_entry_stream, serial_bayou_shore_b, grunt_megastairs_1
Lair:4:   nicolae_spider_entry_orb_guardian, zaba_anthell, uniq_harold,
          uniq_snorg
Lair:5:   dpeg_oklob_gauntlet, lab_entry_generic, uniq_kirke
Lair:6:   minmay_lair_end_enchanted_forest, slime_altar_1, enter_volcano_3,
          st_stairs_4, grunt_megastairs_2, serial_bayou_shore_a
Shoals:1: uniq_josephine
Shoals:2: hangedman_shoal_volcano
Shoals:4: shoals_end_simple, shoals_ilsuiw_ice, serial_shops,
          nicolae_shop_waterfront
Spider:3: portal_ice_cave_entry_pillars_three
Spider:4: grunt_spider_rune_parallel, uniq_aizul, uniq_arachne
Slime:2:  dissolution_awaits
Orc:2:    st_orc_open, basic_altar, minmay_orc_temple_a
Elf:1:    orc_legates, hangedman_feature_mirror
Elf:3:    minmay_elf_hall_four_x, serial_shops, shop, uniq_bai_suzhen
Vaults:1: v_misc_27, dpeg_vaults_monster_box, hangedman_vaults_stagger,
          vaults_mumra_lcd, special_room_vaults, v_rooms_2,
          grunt_vaults_hallway_long, hangedman_vaults_corner,
          hangedman_vaults_stretched_pinwheel, v_misc_2, ontoclasm_vaults_fault,
          basic_altar, serial_shops, shop
Vaults:2: hangedman_vaults_stitches, nicolae_vaults_twisting_passages,
          grunt_tower_of_power, minmay_crypt_entry_necro_gods,
          ontoclasm_vaults_loading_screen, v_misc_11,
          nicolae_vaults_back_hallway, hangedman_vaults_snaps,
          vaults_standard_mumra_lines, v_misc_26, vaults_dpeg_hooks,
          nicolae_vaults_diagonal_hallway_8, serial_shops, shop, shop, shop,
          shop, shop_statue
Vaults:3: v_misc_28, v_misc_30, nicolae_vaults_disjoint_gnomons, v_misc_1,
          v_rooms_4, nicolae_vaults_holding_cells,
          ontoclasm_vaults_loading_screen, nicolae_vaults_triangles,
          basic_altar, uniq_boris, uniq_xtahua
Vaults:4: nicolae_vaults_meeting, ontoclasm_vaults_ring_large,
          nicolae_vaults_yaktaur_gun_rack, ontoclasm_vaults_hangar, v_misc_23,
          v_misc_2, nicolae_vaults_rhombus_7, v_misc_1, hangedman_vaults_cutoff,
          grunt_vaults_hallway_long, nicolae_vaults_little_squares_2,
          serial_ice_b, serial_shops, nicolae_shop_crystal
Vaults:5: uniq_frederick
Crypt:1:  corner_web_ring, eino_tiny_chamber, grunt_crypt_arrival_split
Crypt:2:  grunt_megastairs_4
Crypt:3:  quadcrypt_mu, uniq_saint_roka
Lab:      labyrinth_green
Sewer:    kennysheep_pipe_town
IceCv:    ice_cave_caverns_01

Skill      XL: |  1  2  3  4  5  6  7  8  9 10 11 12 13 14 15 16 17 18 19 20 21 22 23 24 25 26 |
---------------+-------------------------------------------------------------------------------+-----
Dodging        | 3 4 5 6 7 8 10 11 12 13 14 15 16 17 18 | 18.7
Fighting       | 4 5 6 7 8 9 10 12 13 14 15 16 17 18 19 | 19.6
Unarmed Combat | 4 5 6 7 8 9 10 12 13 14 15 16 17 18 19 20 | 20.5
Throwing       | 1 4 5 7 8 9 10 11 | 11.9
Invocations    | 4 5 6 7 9 10 11 12 | 12.2
Bows           | 6 7 8 |  8.3
Translocations | 8 9 13 | 13.3
Hexes          | 2 |  2.8
Air Magic      | 2 |  2.8
Evocations     | 1 5 6 7 9 10 11 | 11.9
Stealth        | 3 |  3.5
Shields        | 5 8 9 10 11 12 13 14 | 14.0
Armour         | 4 7 8 9 10 11 12 13 | 13.7
Slings         | 2 3 |  3.3
Summonings     | 5 |  5.0

Action                   |  1- 3 |  4- 6 |  7- 9 | 10-12 | 13-15 | 16-18 | 19-21 | 22-24 | 25-27 || total
-------------------------+-------+-------+-------+-------+-------+-------+-------+-------+-------++-------
Melee: Unarmed           |   151 |   221 |   314 |   341 |   853 |  1490 |  1296 |  1377 |  1017 ||  7060
       Punch             |     2 |     9 |    21 |    30 |   120 |    85 |       |       |       ||   267
 Fire: Blowgun           |       |     7 |    15 |    13 |       |       |       |       |       ||    35
       Shortbow          |       |       |       |   226 |   185 |     8 |       |       |       ||   419
       Fustibalus        |       |       |       |       |       |       |       |       |   143 ||   143
Throw: Tomahawk          |       |       |       |       |       |    11 |       |       |       ||    11
       Javelin           |       |       |       |       |       |     1 |    49 |     8 |    52 ||   110
       Throwing net      |       |       |       |       |       |       |       |       |     1 ||     1
 Cast: Portal Projectile |       |       |       |       |     2 |       |       |       |     5 ||     7
       Passage of Golubr |       |       |       |       |       |       |       |       |     2 ||     2
       Aura of Abjuratio |       |       |       |       |       |       |       |       |     2 ||     2
Invok: Slouch            |       |       |       |     4 |    13 |    28 |    18 |    19 |    17 ||    99
       Temporal Distorti |       |       |       |     1 |     1 |     3 |       |       |     1 ||     6
       Step From Time    |       |       |       |       |       |     1 |       |       |     1 ||     2
       Bend Time         |       |       |       |       |       |       |       |     2 |       ||     2
 Abil: Evoke Blink       |       |       |       |       |     2 |       |       |     1 |       ||     3
       Evoke Invisibilit |       |       |       |       |       |     1 |       |     1 |     1 ||     3
Evoke: Wand              |     2 |       |       |     7 |     8 |     5 |     8 |     7 |     8 ||    45
       Box of beasts     |       |       |       |       |     2 |       |     2 |     2 |     1 ||     7
       Phial of floods   |       |       |       |       |       |       |       |     2 |       ||     2
       Lamp of fire      |       |       |       |       |       |       |       |       |     1 ||     1
  Use: Scroll            |     8 |     6 |     3 |    13 |     9 |    26 |    11 |     6 |    20 ||   102
       Potion            |       |     2 |     1 |       |       |     5 |    17 |     7 |    16 ||    48
 Stab: Sleeping          |     5 |     6 |    11 |    10 |     6 |     6 |       |       |       ||    44
       Distracted        |       |       |       |     1 |     1 |     1 |       |     2 |     1 ||     6
       Invisible         |       |       |       |       |       |     1 |     7 |     3 |    10 ||    21
  Eat: Chunk             |     6 |    12 |     7 |    14 |    49 |    47 |    52 |    58 |    20 ||   265
       Ration            |       |     1 |     1 |     2 |       |     1 |       |       |     4 ||     9
Armor: Robe              |    42 |    52 |    35 |       |       |       |       |       |       ||   129
       Leather armour    |       |       |    40 |    81 |   115 |   100 |       |       |       ||   336
       Plate armour      |       |       |       |       |       |   158 |   146 |   123 |   132 ||   559
Dodge: Dodged            |   125 |   192 |   200 |   326 |  1248 |  1601 |   682 |   618 |   656 ||  5648
Block: Large shield      |       |       |       |       |       |  1162 |  1817 |  1836 |  1598 ||  6413

Table legend:
 A = Spawn XP
 B = Non-spawn XP
 C = Spawn XP percentage of total XP
 D = Spawn monster count
 E = Non-spawn monster count
 F = Spawn count percentage of total count
 G = Total turns spent on level
                    A         B        C        D         E        F      G
               +---------+---------+-------+---------+---------+-------+---------
         Total |       0 | 1254474 |   0.0 |       0 |    2436 |   0.0 | 57178
               +---------+---------+-------+---------+---------+-------+---------
           D:1 |       0 |      41 |   0.0 |       0 |      25 |   0.0 |  1043
           D:2 |       0 |      42 |   0.0 |       0 |      17 |   0.0 |   879
           D:3 |       0 |     224 |   0.0 |       0 |      40 |   0.0 |  1847
           D:4 |       0 |     641 |   0.0 |       0 |      25 |   0.0 |  1097
           D:5 |       0 |     461 |   0.0 |       0 |      15 |   0.0 |   975
           D:6 |       0 |     849 |   0.0 |       0 |      22 |   0.0 |   838
           D:7 |       0 |    2031 |   0.0 |       0 |      21 |   0.0 |   930
           D:8 |       0 |    1627 |   0.0 |       0 |      26 |   0.0 |   777
           D:9 |       0 |    1756 |   0.0 |       0 |      26 |   0.0 |   754
          D:10 |       0 |    9363 |   0.0 |       0 |      31 |   0.0 |  1588
          D:11 |       0 |    7140 |   0.0 |       0 |      41 |   0.0 |  1979
          D:12 |       0 |    2594 |   0.0 |       0 |      36 |   0.0 |  1077
          D:13 |       0 |   10505 |   0.0 |       0 |      45 |   0.0 |   999
          D:14 |       0 |   22979 |   0.0 |       0 |      63 |   0.0 |  1380
          D:15 |       0 |   27664 |   0.0 |       0 |      61 |   0.0 |   901
        Lair:1 |       0 |    4173 |   0.0 |       0 |      13 |   0.0 |   976
        Lair:2 |       0 |    1795 |   0.0 |       0 |      11 |   0.0 |  1086
        Lair:3 |       0 |    7612 |   0.0 |       0 |      22 |   0.0 |  1500
        Lair:4 |       0 |   13770 |   0.0 |       0 |      62 |   0.0 |  1518
        Lair:5 |       0 |   14823 |   0.0 |       0 |      42 |   0.0 |  1160
        Lair:6 |       0 |   24820 |   0.0 |       0 |     100 |   0.0 |  1558
      Shoals:1 |       0 |   13449 |   0.0 |       0 |      24 |   0.0 |   557
      Shoals:2 |       0 |   15300 |   0.0 |       0 |      35 |   0.0 |   737
      Shoals:3 |       0 |   15079 |   0.0 |       0 |      33 |   0.0 |   721
      Shoals:4 |       0 |   44305 |   0.0 |       0 |      70 |   0.0 |  1437
      Spider:1 |       0 |   12606 |   0.0 |       0 |      41 |   0.0 |   978
      Spider:2 |       0 |   19930 |   0.0 |       0 |      63 |   0.0 |  1392
      Spider:3 |       0 |   18004 |   0.0 |       0 |      44 |   0.0 |   784
      Spider:4 |       0 |   40773 |   0.0 |       0 |      85 |   0.0 |  1820
       Slime:1 |       0 |    6467 |   0.0 |       0 |      14 |   0.0 |   183
       Slime:2 |       0 |   24405 |   0.0 |       0 |      23 |   0.0 |   227
       Slime:3 |       0 |    4669 |   0.0 |       0 |       8 |   0.0 |   131
       Slime:4 |       0 |    2578 |   0.0 |       0 |       1 |   0.0 |    96
       Slime:5 |       0 |   55616 |   0.0 |       0 |      58 |   0.0 |  1259
         Orc:1 |       0 |    1272 |   0.0 |       0 |      22 |   0.0 |   234
         Orc:2 |       0 |   19087 |   0.0 |       0 |      87 |   0.0 |  1100
         Elf:1 |       0 |   36270 |   0.0 |       0 |      66 |   0.0 |  1268
         Elf:2 |       0 |   39078 |   0.0 |       0 |      57 |   0.0 |   968
         Elf:3 |       0 |  100680 |   0.0 |       0 |      90 |   0.0 |  2066
      Vaults:1 |       0 |   62905 |   0.0 |       0 |     121 |   0.0 |  1447
      Vaults:2 |       0 |   66822 |   0.0 |       0 |      99 |   0.0 |  1700
      Vaults:3 |       0 |   62192 |   0.0 |       0 |      71 |   0.0 |  1670
      Vaults:4 |       0 |   33639 |   0.0 |       0 |      55 |   0.0 |  1230
      Vaults:5 |       0 |  195866 |   0.0 |       0 |     151 |   0.0 |  1912
       Crypt:1 |       0 |   13527 |   0.0 |       0 |      27 |   0.0 |   786
       Crypt:2 |       0 |   20879 |   0.0 |       0 |      36 |   0.0 |   674
       Crypt:3 |       0 |   63832 |   0.0 |       0 |      90 |   0.0 |  1558
        Tomb:1 |       0 |   40124 |   0.0 |       0 |      54 |   0.0 |   888
        Tomb:2 |       0 |   18401 |   0.0 |       0 |      36 |   0.0 |   959
        Tomb:3 |       0 |   39250 |   0.0 |       0 |      47 |   0.0 |   151
           Lab |       0 |     964 |   0.0 |       0 |       1 |   0.0 |  1079
         Sewer |       0 |     229 |   0.0 |       0 |      24 |   0.0 |   718
         IceCv |       0 |   11366 |   0.0 |       0 |      59 |   0.0 |  1303
               +---------+---------+-------+---------+---------+-------+---------

Vault maps used:
D:1:      denvon_arrival_waterhouse, moated_statue,
          hangedman_abyss_or_decor_stabs
D:2:      elyvilon_altar_3, grunt_qazlal_clouds, first_ration
D:3:      cheibrodos_fertilizer, cheibrodos_ashenzari_chains,
          chequers_ecumenical_altar_island, portal_sewer_entry_b,
          minmay_misc_feat_five, grunt_ministairs_15, minmay_liquid_box,
          uniq_crazy_yiuf_cottage
D:4:      kennysheep_mini, hangedman_decor_slide_cut, uniq_edmund
D:5:      nicolae_gozag_cash_rules_everything_around_me,
          minmay_temple_entry_nine_rooms
D:6:      basic_altar, uniq_eustachio
D:7:      nicolae_overflow_crystal_walls, kiku_gazebo_pond_becter, uniq_duvessa,
          uniq_prince_ribbit1
D:8:      the_bakery, nicolae_ru_the_path_less_chosen
D:9:      serial_shops, nicolae_shop_trees, minivault_26, billiards_dpeg
D:10:     minmay_sliced_demisemicircle
D:11:     erik_lair_dragon, minmay_guarded_unrand_variability
D:12:     minmay_orc_entry_temple_small, basic_altar
D:13:     serial_shops, nicolae_shop_waterfront, uniq_sonja
D:14:     hangedman_vaults_entry_quadrant_bands, kennysheep_small_circle
D:15:     grunt_enter_depths_snipers, yredelemnul_altar_generic,
          minmay_guarded_unrand_zonguldrok
Temple:   regret_index_temple_waves
Lair:1:   beast_lair_carwin_11, lemuel_fruit_fields
Lair:3:   elwin_shoals_entry_stream, serial_bayou_shore_b, grunt_megastairs_1
Lair:4:   nicolae_spider_entry_orb_guardian, zaba_anthell, uniq_harold,
          uniq_snorg
Lair:5:   dpeg_oklob_gauntlet, lab_entry_generic, uniq_kirke
Lair:6:   minmay_lair_end_enchanted_forest, slime_altar_1, enter_volcano_3,
          st_stairs_4, grunt_megastairs_2, serial_bayou_shore_a
Shoals:1: uniq_josephine
Shoals:2: hangedman_shoal_volcano
Shoals:4: shoals_end_simple, shoals_ilsuiw_ice, serial_shops,
          nicolae_shop_waterfront
Spider:3: portal_ice_cave_entry_pillars_three
Spider:4: grunt_spider_rune_parallel, uniq_aizul, uniq_arachne
Slime:2:  dissolution_awaits
Orc:2:    st_orc_open, basic_altar, minmay_orc_temple_a
Elf:1:    orc_legates, hangedman_feature_mirror
Elf:3:    minmay_elf_hall_four_x, serial_shops, shop, uniq_bai_suzhen
Vaults:1: v_misc_27, dpeg_vaults_monster_box, hangedman_vaults_stagger,
          vaults_mumra_lcd, special_room_vaults, v_rooms_2,
          grunt_vaults_hallway_long, hangedman_vaults_corner,
          hangedman_vaults_stretched_pinwheel, v_misc_2, ontoclasm_vaults_fault,
          basic_altar, serial_shops, shop
Vaults:2: hangedman_vaults_stitches, nicolae_vaults_twisting_passages,
          grunt_tower_of_power, minmay_crypt_entry_necro_gods,
          ontoclasm_vaults_loading_screen, v_misc_11,
          nicolae_vaults_back_hallway, hangedman_vaults_snaps,
          vaults_standard_mumra_lines, v_misc_26, vaults_dpeg_hooks,
          nicolae_vaults_diagonal_hallway_8, serial_shops, shop, shop, shop,
          shop, shop_statue
Vaults:3: v_misc_28, v_misc_30, nicolae_vaults_disjoint_gnomons, v_misc_1,
          v_rooms_4, nicolae_vaults_holding_cells,
          ontoclasm_vaults_loading_screen, nicolae_vaults_triangles,
          basic_altar, uniq_boris, uniq_xtahua
Vaults:4: nicolae_vaults_meeting, ontoclasm_vaults_ring_large,
          nicolae_vaults_yaktaur_gun_rack, ontoclasm_vaults_hangar, v_misc_23,
          v_misc_2, nicolae_vaults_rhombus_7, v_misc_1, hangedman_vaults_cutoff,
          grunt_vaults_hallway_long, nicolae_vaults_little_squares_2,
          serial_ice_b, serial_shops, nicolae_shop_crystal
Vaults:5: uniq_frederick
Crypt:1:  corner_web_ring, eino_tiny_chamber, grunt_crypt_arrival_split
Crypt:2:  grunt_megastairs_4
Crypt:3:  quadcrypt_mu, uniq_saint_roka
Lab:      labyrinth_green
Sewer:    kennysheep_pipe_town
IceCv:    ice_cave_caverns_01

Table legend:
 A = Turns spent in this place as a percentage of turns spent in the entire game.
 B = Non-inter-level travel turns spent in this place as a percentage of non-inter-level travel turns spent in the entire game.
 C = Inter-level travel turns spent in this place as a percentage of turns spent in this place.
 D = Turns resting spent in this place as a percentage of non-inter-level travel turns spent in this place.
 E = Turns spent auto-exploring this place as a percentage of non-inter-level travel turns spent in this place.
 F = Non-inter-level travel turns spent in this place divided by the number of levels of this place that you've seen.
                   A       B       C       D       E      F
               +-------+-------+-------+-------+-------+----------------------
         Total | 100.0 | 100.0 |  11.0 |  14.3 |  52.6 | 941.9
       Dungeon |  29.8 |  28.2 |  16.0 |  12.8 |  63.5 | 955.3
        Temple |   0.5 |   0.5 |  18.0 |   0.0 |  56.0 | 232.0
          Lair |  13.6 |  12.7 |  16.9 |   7.4 |  68.6 | 1080.2
        Shoals |   6.0 |   6.2 |   9.1 |  17.0 |  43.9 | 784.5
   Spider Nest |   8.7 |   9.2 |   5.6 |  20.6 |  45.2 | 1174.2
    Slime Pits |   3.3 |   3.5 |   5.1 |  39.5 |  16.7 | 359.8
  Orcish Mines |   2.3 |   2.4 |   9.1 |  16.7 |  54.5 | 606.0
   Elven Halls |   7.5 |   7.5 |  11.1 |  16.5 |  47.5 | 1275.3
        Vaults |  13.9 |  14.2 |   9.5 |   3.6 |  54.4 | 1441.2
         Crypt |   5.3 |   5.7 |   3.5 |   2.2 |  62.8 | 971.0
          Tomb |   3.5 |   3.8 |   3.5 |  37.5 |  29.3 | 642.7
     Labyrinth |   1.9 |   2.1 |   0.0 |   0.0 |   0.0 | 1079.0
         Sewer |   1.3 |   1.4 |   0.0 |  38.0 |  19.2 | 718.0
      Ice Cave |   2.3 |   2.6 |   0.0 |  45.5 |  27.6 | 1303.0
               +-------+-------+-------+-------+-------+----------------------

Table legend:
 A = Kills in this place as a percentage of kills in entire the game.
 B = Kills by you in this place as a percentage of kills by you in the entire game.
 C = Kills by friends in this place as a percentage of kills by friends in the entire game.
 D = Other kills in this place as a percentage of other kills in the entire game.
 E = Experience gained in this place as a percentage of experience gained in the entire game.
 F = Experience gained in this place divided by the number of levels of this place that you have seen.
                   A       B       C       D       E      F
               +-------+-------+-------+-------+-------+----------------------
         Total | 100.0 | 100.0 | 100.0 | 100.0 | 100.0 | 23231.0
       Dungeon |  20.3 |  20.4 |  17.4 |   0.0 |   7.0 | 5861.1
          Lair |  10.3 |  10.2 |  21.7 |   0.0 |   5.3 | 11165.5
        Shoals |   6.7 |   6.7 |   0.0 |   0.0 |   7.0 | 22033.2
   Spider Nest |   9.6 |   9.6 |   4.3 |  16.7 |   7.3 | 22828.2
    Slime Pits |   4.3 |   4.3 |   0.0 |   0.0 |   7.5 | 18747.0
  Orcish Mines |   4.5 |   4.5 |   0.0 |   0.0 |   1.6 | 10179.5
   Elven Halls |   8.7 |   8.7 |   0.0 |  50.0 |  14.0 | 58676.0
        Vaults |  20.4 |  20.6 |   0.0 |  16.7 |  33.6 | 84284.8
         Crypt |   6.3 |   6.4 |   0.0 |   0.0 |   7.8 | 32746.0
          Tomb |   5.6 |   5.1 |  56.5 |  16.7 |   7.8 | 32591.7
     Labyrinth |   0.0 |   0.0 |   0.0 |   0.0 |   0.1 | 964.0
         Sewer |   1.0 |   1.0 |   0.0 |   0.0 |   0.0 | 229.0
      Ice Cave |   2.4 |   2.5 |   0.0 |   0.0 |   0.9 | 11366.0
               +-------+-------+-------+-------+-------+----------------------
